 Dungeon Crawl Stone Soup version 0.21.0-3-g78d12a8 (webtiles) character file.

134 tsouns the Chopper (level 4, -1/61 HPs)
             Began as a Minotaur Berserker on Jan 8, 2018.
             Was a Believer of Trog.
             Killed from afar by an orc wizard (4 damage)
             ... with a magic dart
             ... on level 3 of the Dungeon.
             The game lasted 00:02:52 (1655 turns).

tsouns the Chopper (Minotaur Berserker)             Turns: 1655, Time: 00:02:52

Health: -1/61      AC:  2    Str: 30    XL:     4   Next: 95%
Magic:  3/3        EV: 13    Int:  4    God:    Trog [**....]
Gold:   216        SH:  0    Dex: 10    Spells: 3/3 levels left

rFire    . . .     SeeInvis .   a - +0 hand axe
rCold    . . .     Gourm    .   (no shield)
rNeg     . . .     Faith    .   b - +0 animal skin
rPois    .         Spirit   .   (helmet restricted)
rElec    .         Reflect  .   (no cloak)
rCorr    .         Harm     .   (no gloves)
MR       .....                  (no boots)
Stlth    ..........             (no amulet)
HPRegen  0.20/turn              m - +3 ring of strength
MPRegen  0.08/turn              p - ring of stealth

@: berserking, very quick
A: retaliatory headbutt, horns 2
a: Berserk, Trog's Hand, Burn Spellbooks, Renounce Religion


You were on level 3 of the Dungeon.
You worshipped Trog.
Trog was pleased with you.
You were very hungry.

You visited 1 branch of the dungeon, and saw 3 of its levels.

You collected 216 gold pieces.

Inventory:

Hand Weapons
 a - a +0 hand axe (weapon)
Armour
 b - a +0 animal skin (worn)
Jewellery
 m - a +3 ring of strength (left hand)
 p - a ring of stealth (right hand)
Scrolls
 i - 2 scrolls of teleportation {unknown}
 j - 2 scrolls of noise {unknown}
 o - a scroll of enchant weapon {unknown}
Potions
 d - a potion of heal wounds {unknown}
 e - 2 potions of invisibility {unknown}
 f - a potion of agility {unknown}
 g - a potion of brilliance {unknown}
 h - a potion of lignification {unknown}
 k - a potion of curing {unknown}
 l - a potion of flight {unknown}
 n - a potion of haste {unknown}
Comestibles
 c - 2 rations
 q - 7 chunks of flesh


   Skills:
 + Level 4.7 Fighting
 + Level 5.4 Axes
 + Level 2.6 Armour
 + Level 3.1 Dodging


You had 3 spell levels left.
You didn't know any spells.

Dungeon Overview and Level Annotations

Branches:
Dungeon (3/15)

Altars:
Gozag


Innate Abilities, Weirdness & Mutations

You reflexively headbutt those who attack you in melee.
You have a pair of horns on your head.


Message History

* * * LOW HITPOINT WARNING * * *
Items here: )) [[ † a dagger; a robe; a mace; a scale mail; an orc corpse Unknown command.
A red film seems to cover your vision as you go berserk!
You feel yourself moving faster!
You feel mighty!
You are feeling very hungry.
The orc wizard misses you. The orc wizard casts a spell at you.
The puff of flame hits you!
* * * LOW HITPOINT WARNING * * *
You barely miss the orc wizard.
The orc wizard is lightly wounded.
The orc wizard barely misses you. You furiously retaliate!
You headbutt the orc wizard! You closely miss the orc wizard.
The orc wizard is almost dead.
The orc wizard points at you and mumbles some strange words.
The magic dart hits you!
You die...

### ### # # #####.. ....#
#. #.....# #.#.# ##. ###
#.#...###... ......#.
#.#..)#.#o# .##.#.#.#.
#.....)#@.# #.##.....>
#..#.##.### #.##.###.#
#..#.##.# ##.#...##.##
#.......# ##......#...#
#....#### ##.........#.#
#..### #..........#..
#..# #..........### #).#
#.#........# .
#..#########.##.#.....#.#


You could see an orc wizard.

Vanquished Creatures
  An orc wizard (D:3)
  An orc priest (D:3)
  An adder (D:2)
  2 worms
  A dart slug (D:3)
  A leopard gecko (D:2)
  2 orcs (D:3)
  10 bats
  3 giant cockroaches
  7 goblins
  3 hobgoblins
  2 jackals (D:2)
  11 kobolds
  A quokka (D:3)
  4 frilled lizards
  5 rats
55 creatures vanquished.

Notes
Turn   | Place    | Note
-------+----------+-------------------------------------------
     0 | D:1      | tsouns the Minotaur Berserker began the quest for the Orb.
     0 | D:1      | Reached XP level 1. HP: 19/19 MP: 0/0
   236 | D:1      | Reached XP level 2. HP: 15/27 MP: 1/1
   424 | D:1      | Reached skill level 4 in Axes
   726 | D:2      | Reached XP level 3. HP: 17/33 MP: 2/2
   785 | D:2      | Found an opulent altar of Gozag.
   962 | D:2      | Reached ** piety under Trog
  1563 | D:3      | Reached XP level 4. HP: 38/41 MP: 3/3
  1634 | D:3      | Reached skill level 5 in Axes
  1653 | D:3      | HP: 2/61 [orc wizard/puff of flame (13)]
  1655 | D:3      | Killed from afar by an orc wizard

Skill      XL: |  1  2  3  4 |
---------------+-------------+-----
Fighting       | 4 |  4.7
Axes           | 4 5 |  5.4
Dodging        | 3 |  3.1
Armour         | |  2.6

Action                   |  1- 3 |  4- 6 || total
-------------------------+-------+-------++-------
Melee: Hand axe          |    84 |    22 ||   106
       Headbutt          |    11 |     3 ||    14
Invok: Berserk           |     1 |     1 ||     2
  Eat: Chunk             |     3 |       ||     3
Armor: Animal skin       |    14 |     4 ||    18
Dodge: Dodged            |    72 |    12 ||    84
